 Dungeon Crawl Stone Soup version 0.29.1-4-g47bece8355 (webtiles) character file.

Game seed: 9474725401985412017

2445 iamoutofideas the Severer (level 9, 0/79 HPs)
             Began as a Hill Orc Berserker on Dec 8, 2022.
             Was a Priest of Trog.
             Slain by an orc wizard
             ... wielding a +1 dagger of distortion
              (13 damage)
             ... on level 7 of the Dungeon.
             The game lasted 00:10:36 (7464 turns).

iamoutofideas the Severer (Hill Orc Berserker)      Turns: 7464, Time: 00:10:38

Health: 0/79       AC: 13    Str: 30    XL:     9   Next: 49%
Magic:  9/9        EV: 10    Int:  7    God:    Trog [***...]
Gold:   329        SH:  5    Dex: 10    Spells: 8/8 levels left

rFire   . . .      SeeInvis .   a - +0 hand axe
rCold   . . .      Faith    .   (no shield)
rNeg    . . .      Spirit   .   f - +0 scale mail
rPois   .          Reflect  +   p - +2 helmet
rElec   .          Harm     .   r - +0 cloak {Will+}
rCorr   .          Rampage  .   c - +0 pair of gloves
Will    +....                   n - +0 pair of boots
Stlth   ..........              l - amulet of reflection
HPRegen 0.23/turn               A - +6 ring of strength
MPRegen 0.11/turn               (no ring)

@: on berserk cooldown, slowed, very slow
A: no striking features
a: Renounce Religion, Berserk, Trog's Hand


You were on level 7 of the Dungeon.
You worshipped Trog.
Trog was most pleased with you.
You visited 1 branch of the dungeon, and saw 7 of its levels.
You also visited: Ossuary.

You collected 383 gold pieces.
You spent 54 gold pieces at shops.

Inventory:

Hand Weapons
 a - a +0 hand axe (weapon)
 d - a +0 war axe
 s - a +3 quarterstaff of chaos
 v - a +2 trident of protection
Armour
 c - a +0 pair of gloves (worn)
 f - a +0 scale mail (worn)
 j - a +0 leather armour
 n - a +0 pair of boots (worn)
 p - a +2 helmet (worn)
 r - a +0 cloak of willpower (worn)
Jewellery
 l - an amulet of reflection (around neck)
 x - a ring of magical power
 A - a +6 ring of strength (left hand)
Wands
 o - a wand of light (5)
 D - a wand of flame (6)
Scrolls
 b - a scroll of fog
 e - a scroll of blinking
 i - 2 scrolls of immolation
 k - 2 scrolls of poison {unknown}
 w - a scroll of torment {unknown}
 y - 2 scrolls of identify
 E - a scroll of enchant armour
Potions
 g - a potion of brilliance {unknown}
 h - 2 potions of heal wounds
 m - a potion of curing {unknown}
 q - a potion of resistance {unknown}
 t - 2 potions of attraction
 u - 4 potions of invisibility
 z - 2 potions of haste
 B - 2 potions of lignification {unknown}
 C - a potion of mutation {unknown}
 F - a potion of magic {unknown}
 G - a potion of cancellation {unknown}


   Skills:
 - Level 7.0 Fighting
 * Level 15.0 Axes
 - Level 2.3 Armour
 - Level 1.7 Dodging


You had 8 spell levels left.
You didn't know any spells.
Your spell library contained the following spells:

 Spells                   Type           Power      Damage    Failure   Level
 Sandblast                Erth           0%         2d4       67%         1
 Ensorcelled Hibernation  Hex/Ice        0%         N/A       82%         2
 Passwall                 Tmut/Erth      0%         N/A       82%         2
 Stone Arrow              Conj/Erth      0%         3d7       96%         3
 Swiftness                Air            0%         N/A       96%         3


Dungeon Overview and Level Annotations

Branches:
Dungeon (7/15)             Temple (0/1) D:5         Ossuary (visited)

Altars:
Kikubaaqudgha
Trog
Uskayaw
Vehumet
Wu Jian
Xom

Shops:
D:2 *


Message History

You are exhausted.
You feel yourself slow down.
The gnoll bouda barks out a call to the hunt!
The gnolls pick up the pace!
You block the gnoll's attack.
You hit the gnoll bouda.
The gnoll bouda is almost dead.
You barely miss something. The gnoll barely misses you. Something hits you.
Space warps horribly around you!!
The gnoll bouda hits you but does no damage.
The gnoll hits you but does no damage.
Okay, then.
Blink to where?
Press: ? - help, Dir - move target
As you read the scroll of blinking, it crumbles to dust.
The gnoll bouda prays to its god.
The gnoll bouda is healed somewhat.
You fail to use your ability.
The gnoll hits you but does no damage. The gnoll closely misses you.
You block the gnoll's attack.
You fail to use your ability.
The gnoll completely misses you. The gnoll hits you but does no damage.
You fail to use your ability.
The gnoll closely misses you. The gnoll hits you but does no damage.
Something hits you but does no damage. Space warps around you.
The gnoll hits you from afar with a +0 spear.
The gnoll barely misses you. Something hits you but does no damage.
Space warps around you.
Your polar bear goes berserk!
You can no longer call in reinforcements.
The gnoll barely misses you. The gnoll closely misses you.
Something hits you but does no damage. Space warps around you.
The gnoll bouda mumbles some strange prayers to its god.
The gnoll bouda is healed somewhat.
Something hits you but does no damage. Space warps horribly around you!!
* * * LOW HITPOINT WARNING * * *
The gnoll hits you but does no damage.
Your polar bear barely misses the gnoll bouda.
Your polar bear claws the gnoll bouda. x2
Something hits you but does no damage. Space warps horribly around you!
You die...

...........#
######.....#
#.....# ##.....#
#!.....# #......#
#...ggY# ##...g.#
###.h@# .. #...#
#...###.#
#._.....#
#...###.# ..# ..
#...# ..## ###...#
...#......##.....#
...#......##.....#


You could see an ice beast, a gnoll bouda (distracted, ally target), 2 gnolls
and a friendly polar bear (summoned, berserk).

Vanquished Creatures
  A wraith (Ossuary)
  A wyvern (D:6)
  Eustachio (D:5)
  An ice beast (D:5)
  2 orc warriors (D:6)
  2 black bears
  An ogre (D:6)
  A centaur (D:6)
  A phantom (D:5)
  2 scorpions
  2 howler monkeys (D:5)
  2 hounds (D:6)
  Crazy Yiuf (D:2)
  6 orc priests
  2 gnoll boudas
  A jelly (D:6)
  Jessica (D:2)
  Terence (D:2)
  2 iguanas (D:4)
  9 orc wizards
  A mummy (Ossuary)
  Robin (D:2)
  9 gnolls
  8 adders
  2 shadow imps
  A white imp (D:6)
  An ufetubus (D:4)
  3 worms
  3 dart slugs
  34 orcs
  2 ball pythons
  6 bats
  13 endoplasms
  5 giant cockroaches
  16 goblins
  6 hobgoblins
  10 jackals
  3 quokkas
  3 frilled lizards (D:1)
  5 gnoll skeletons (Ossuary)
  8 kobolds
  3 kobold skeletons (Ossuary)
  17 orc skeletons (Ossuary)
  4 rats
204 creatures vanquished.

Vanquished Creatures (collateral kills)
  2 orc wizards (D:6)
  2 orcs (D:6)
4 creatures vanquished.

Vanquished Creatures (others)
  4 fungi (D:2)
  A plant (D:5)
5 creatures vanquished.

Grand Total: 213 creatures vanquished

Notes
Turn   | Place    | Note
-------+----------+-------------------------------------------
     0 | D:1      | iamoutofideas the Hill Orc Berserker began the quest for
                  | the Orb.
     0 | D:1      | Reached XP level 1. HP: 19/19 MP: 1/1
   211 | D:1      | Reached XP level 2. HP: 22/27 MP: 2/2
   565 | D:1      | Found a faded altar of an unknown god.
   573 | D:1      | Reached XP level 3. HP: 33/33 MP: 3/3
  1271 | D:2      | Reached ** piety under Trog
  1272 | D:2      | Reached skill level 5 in Axes
  1419 | D:2      | Noticed Jessica
  1429 | D:2      | Killed Jessica
  1430 | D:2      | Reached XP level 4. HP: 41/41 MP: 4/4
  1433 | D:2      | Reached skill level 6 in Axes
  1525 | D:2      | Found Cuocour's General Store.
  1533 | D:2      | Bought a +0 pair of boots for 54 gold pieces
  1671 | D:2      | Noticed Terence
  1687 | D:2      | Killed Terence
  1688 | D:2      | Reached XP level 5. HP: 29/47 MP: 5/5
  1968 | D:2      | Noticed Robin
  1986 | D:2      | Killed Robin
  1987 | D:2      | Reached skill level 7 in Axes
  2368 | D:2      | Found a runed translucent door.
  2369 | D:2      | Noticed Crazy Yiuf
  2379 | D:2      | Killed Crazy Yiuf
  2474 | D:3      | Reached XP level 6. HP: 44/53 MP: 6/6
  2548 | D:3      | Reached skill level 8 in Axes
  3531 | D:4      | Reached *** piety under Trog
  3764 | D:4      | Reached skill level 9 in Axes
  4049 | D:4      | Found an ornate altar of the Wu Jian Council.
  4279 | D:4      | Noticed a black bear
  4292 | D:4      | Killed a black bear
  4293 | D:4      | Reached XP level 7. HP: 60/60 MP: 7/7
  4333 | D:4      | Found a hide-covered altar of Uskayaw.
  4371 | D:4      | Found a radiant altar of Vehumet.
  4744 | D:5      | Entered Level 5 of the Dungeon
  4757 | D:5      | Reached skill level 5 in Fighting
  4764 | D:5      | Reached skill level 10 in Axes
  4897 | D:5      | Found a staircase to the Ecumenical Temple.
  4926 | D:5      | Reached XP level 8. HP: 53/70 MP: 8/8
  4933 | D:5      | Reached skill level 11 in Axes
  5098 | D:5      | Found a sand-covered staircase.
  5110 | Ossuary  | Entered an ossuary
  5110 | Ossuary  | Noticed a wraith
  5110 | Ossuary  | Noticed a wraith
  5110 | Ossuary  | Noticed a wraith
  5202 | Ossuary  | Noticed a wraith
  5223 | Ossuary  | Killed a wraith
  5313 | Ossuary  | Reached **** piety under Trog
  5579 | D:5      | Reached skill level 12 in Axes
  6007 | D:5      | Noticed Eustachio
  6035 | D:5      | Killed Eustachio
  6140 | D:5      | Found an ancient bone altar of Kikubaaqudgha.
  6141 | D:5      | Found a shimmering altar of Xom.
  6185 | D:6      | Noticed a wyvern
  6206 | D:6      | Killed a wyvern
  6207 | D:6      | Reached skill level 13 in Axes
  6207 | D:6      | Reached XP level 9. HP: 79/79 MP: 9/9
  6445 | D:6      | Reached skill level 14 in Axes
  6820 | D:6      | Identified the +5 short sword of Evisceration {vorpal,
                  | rPois Str+4}
  7111 | D:6      | Reached skill level 15 in Axes
  7436 | D:7      | Found a bloodstained altar of Trog.
  7464 | D:7      | Slain by an orc wizard

Illustrated notes

Levels and vault maps discovered:
D:1:      kennysheep_arrival_seaside, layout_basic,
          shapermc_ecumenical_altar_starsandcircs
D:2:      layout_basic, serial_shops, nicolae_shop_window_shopping,
          serial_rivers, chequers_serial_rivers_small_b,
          chequers_serial_rivers_micro_c, chequers_serial_rivers_micro_a,
          chequers_serial_rivers_small_3, chequers_serial_rivers_large_b,
          uniq_jessica, uniq_robin, uniq_terence, uniq_crazy_yiuf_cottage
D:3:      layout_basic
D:4:      layout_basic, mainiacjoe_overflow_alcove_2, lemuel_doored_altar,
          mainiacjoe_overflow_alcove_1
D:5:      layout_basic, gammafunk_temple_overflow_statue,
          minmay_temple_entry_gardened_gates,
          lightli_ossuary_entry_decrepit_ruins, kennysheep_small_circle,
          uniq_eustachio
D:6:      layout_basic
D:7:      layout_gridville, tgw_fedhas, lemuel_coloured_pillars_altar,
          trog_wizard

Skill      XL: |  1  2  3  4  5  6  7  8  9 |
---------------+----------------------------+-----
Fighting       | 4 5 7 |  7.0
Axes           | 5 6 7 9 10 13 15 | 15.0
Armour         | |  2.3
Dodging        | |  1.7

Action                   |  1- 3 |  4- 6 |  7- 9 || total
-------------------------+-------+-------+-------++-------
Melee: Hand axe          |    93 |   202 |   357 ||   652
       Punch             |       |     2 |     4 ||     6
Invok: Berserk           |     1 |     7 |    12 ||    20
       Brothers in Arms  |       |       |     2 ||     2
       Trog's Hand       |       |       |     1 ||     1
  Use: Scroll            |     1 |       |    13 ||    14
       Potion            |       |       |     2 ||     2
Armor: Animal skin       |    20 |       |       ||    20
       Leather armour    |    13 |    60 |    40 ||   113
       Scale mail        |       |       |   106 ||   106
Dodge: Dodged            |    73 |    78 |   120 ||   271
Block: Other             |       |    36 |    44 ||    80
       Reflection        |       |       |     2 ||     2
